 Dungeon Crawl Stone Soup version 0.28-a0-1159-g27aa881441 (webtiles) character file.

Game seed: 651512903874509466

275 mainiacjoe the Insei (level 6, -1/42 HPs)
             Began as an Octopode Transmuter on Dec 16, 2021.
             Was a Follower of Wu Jian.
             Succumbed to an adder's poison
             ... on level 4 of the Dungeon.
             The game lasted 00:08:53 (3241 turns).

mainiacjoe the Insei (Octopode Transmuter)          Turns: 3241, Time: 00:08:54

Health: -1/42      AC:  1    Str: 11    XL:     6   Next: 25%
Magic:  9/9        EV: 14    Int: 16    God:    Wu Jian [*.....]
Gold:   77         SH:  0    Dex: 12    Spells: 6/9 levels left

rFire   . . .      SeeInvis .     - Unarmed
rCold   . . .      Faith    .   (no shield)
rNeg    . . .      Spirit   .   (helmet restricted)
rPois   .          Reflect  .   (no amulet)
rElec   .          Harm     .   (no ring)
rCorr   .          Rampage  .   (no ring)
Will    .....                   (no ring)
Stlth   ++........              (no ring)
HPRegen 0.14/turn               (no ring)
MPRegen 0.11/turn               (no ring)
                                (no ring)
                                (no ring)

@: lethally poisoned (-1 -> -8)
A: almost no armour, amphibious, 8 rings, camouflage 1, gelatinous body 1,
(nimble swimmer 1), tentacles
a: Renounce Religion


You were on level 4 of the Dungeon.
You worshipped Wu Jian.
Wu Jian was aware of your devotion.
You visited 1 branch of the dungeon, and saw 4 of its levels.

You collected 77 gold pieces.

Inventory:

Hand Weapons
 b - a +1 vampiric dagger
 e - a +1 antimagic dagger
Missiles
 a - 47 stones (quivered)
 m - 42 bolts
 r - 40 arrows
Magical Staves
 f - a staff of death
Wands
 n - a wand of flame (14)
 p - a wand of digging (6)
Scrolls
 d - a scroll of enchant weapon
 i - a scroll of enchant armour {unknown}
 j - a scroll of blinking
 l - a scroll of noise {unknown}
 o - 2 scrolls of teleportation {unknown}
Potions
 g - a potion of lignification
 h - a potion of ambrosia
 k - a potion of heal wounds
 q - a potion of curing {unknown}


   Skills:
 + Level 3.0 Fighting
 + Level 3.5 Dodging
 * Level 5.2 Unarmed Combat
 - Level 2.0 Spellcasting
 - Level 2.0 Transmutations


You had 6 spell levels left.
You knew the following spells:

 Your Spells              Type           Power      Damage    Failure   Level
a - Beastly Appendage     Tmut           16%        N/A       9%          1
b - Wereblood             Tmut           8%         N/A       14%         2

Your spell library contained the following spells:

 Spells                   Type           Power      Damage    Failure   Level
 Spider Form              Tmut/Pois      4%         N/A       38%         3
 Ice Form                 Ice/Tmut       4%         N/A       80%         4


Dungeon Overview and Level Annotations

Branches:
Dungeon (4/15)
 Temple: D:4-7

Altars:
Dithmenos
Okawaru
Ru
Wu Jian
Xom
Zin

Shops:
D:1 [


Innate Abilities, Weirdness & Mutations

You cannot wear most types of armour.
You are amphibious.
You can wear up to eight rings at the same time.
Your skin changes colour to match your surroundings (Stealth+).
Your rubbery body absorbs attacks. (AC +1, EV +1)
((You are camouflaged near water. (Stealth+)))
You have tentacles for arms and can constrict up to eight enemies at once.


Message History

The gnoll misses you.
You closely miss the gnoll. You grab the gnoll.
The gnoll is moderately wounded.
You constrict the gnoll. The gnoll barely misses you.
You tentacle-slap the gnoll.
The gnoll is heavily wounded.
You constrict the gnoll, but do no damage.
The gnoll hits you with a +0 spear.
* * * LOW HITPOINT WARNING * * *
You bludgeon the gnoll!
You feel a bit better.
You kill the gnoll!
The Council accepts your kill.
Your primal bloodlust is almost over.
Things that are here:
a +0 flail; a gnoll corpse You hear an angry hiss.
An adder comes into view.
An endoplasm comes into view.
The endoplasm quivers.
You hear a shout!
A hobgoblin comes into view.
Aiming: Throw Flame
Press: ? - help, Shift-Dir - straight line, f - adder
Aim: an adder (48% to hit)
The puff of flame misses the adder.
Your primal bloodlust has ended.
The adder bites you but does no damage.
Unknown command.
You barely miss the adder. You grab the adder. You constrict the adder.
The adder closely misses you.
You bludgeon the adder!
The adder is severely wounded.
You constrict the adder. The adder bites you.
* * * LOW HITPOINT WARNING * * *
You are lethally poisoned!
The adder poisons you!
You bludgeon the adder!
You kill the adder!
The Council accepts your kill.
You die...

***......####..######
*******##..,................#
**,,,*,##...##.....#.........#
*,,,,,.#.......$#..#..<...#,,*
*,,,,,..........##........#***
**,,,,....J...........†......#
*,,,,#..............#.......#
***,,##............####......
**,,.......@...))...#*#..##.
*,,,.....#.....))..........,
**,,*##....................#.
*****,,,,,#....#≈#......#......#,
*,,*,,,,*...g###≈#......#....,,**
*,,,,,,,*#...,,#≈#........###,,,*
*,,,,,,,,...,,,#≈#.......##**,,,,
,,,,,,,,,..,,,,#≈#........**,,,,,
,,,,,,,,,,,,,,,*≈*,,,,,,,,***,,,,


You could see an endoplasm and a hobgoblin.

Vanquished Creatures
  A hound (D:4)
  An orc priest (D:3)
  Ijyb (D:3)
  Terence (D:3)
  A hound skeleton (D:4)
  4 gnolls (D:4)
  4 adders
  An adder skeleton (D:4)
  A worm (D:2)
  4 dart slugs
  4 orcs (D:3)
  4 bats
  4 endoplasms
  3 giant cockroaches
  6 goblins
  5 hobgoblins
  7 jackals (D:1)
  3 quokkas (D:1)
  5 ball pythons
  A frilled lizard (D:1)
  5 kobolds
  A rat (D:1)
67 creatures vanquished.

Notes
Turn   | Place    | Note
-------+----------+-------------------------------------------
     0 | D:1      | mainiacjoe the Octopode Transmuter began the quest for the
                  | Orb.
     0 | D:1      | Reached XP level 1. HP: 13/13 MP: 3/3
     2 | D:1      | Noticed a troll
     2 | D:1      | Noticed a minotaur
     4 | D:1      | Noticed an octopode
     4 | D:1      | Noticed an elf
     8 | D:1      | Noticed a tengu
     8 | D:1      | Noticed a formicid
    10 | D:1      | Noticed a vampire
    12 | D:1      | Noticed an ogre
    12 | D:1      | Noticed a merfolk
    14 | D:1      | Noticed a demonspawn
    14 | D:1      | Noticed a draconian
    16 | D:1      | Noticed a naga
    18 | D:1      | Noticed a gargoyle
    20 | D:1      | Noticed a vine stalker
    20 | D:1      | Noticed a dwarf
    22 | D:1      | Noticed a felid
    22 | D:1      | Noticed a demigod
    24 | D:1      | Noticed a ghoul
    24 | D:1      | Noticed a human
    26 | D:1      | Noticed a spriggan
    29 | D:1      | Found Mais's Armour Emporium.
   100 | D:1      | Reached XP level 2. HP: 13/18 MP: 5/5
   308 | D:1      | Learned a level 2 spell: Wereblood
   595 | D:1      | Reached XP level 3. HP: 14/23 MP: 2/6
   841 | D:1      | Found a faded altar of an unknown god.
  1366 | D:2      | Reached skill level 4 in Unarmed Combat
  1366 | D:2      | Reached XP level 4. HP: 20/29 MP: 5/7
  2127 | D:1      | Prayed at the altar of an unknown god.
  2127 | D:1      | Became a worshipper of the Wu Jian Council
  2127 | D:1      | Reached * piety under Wu Jian
  2234 | D:3      | Reached XP level 5. HP: 35/35 MP: 5/8
  2665 | D:3      | Noticed Ijyb
  2721 | D:3      | Killed Ijyb
  2952 | D:3      | Noticed Terence
  2961 | D:3      | Killed Terence
  2968 | D:3      | Found a shimmering altar of Xom.
  2991 | D:3      | Found a sacrificial altar of Ru.
  2994 | D:3      | Found a shadowy altar of Dithmenos.
  2995 | D:3      | Found a glowing silver altar of Zin.
  3006 | D:3      | Found an iron altar of Okawaru.
  3210 | D:4      | Reached skill level 5 in Unarmed Combat
  3217 | D:4      | Reached XP level 6. HP: 30/41 MP: 9/9
  3231 | D:4      | HP: 1/42 [gnoll (6)]
  3240 | D:4      | HP: 1/42 [adder (2)]
  3241 | D:4      | Succumbed to an adder's poison

Illustrated notes

Levels and vault maps discovered:
D:1:      kb_arrival_jail, layout_basic, ebering_ecumenical_altar_abandoned,
          serial_shops, shop, minmay_tripent
D:2:      layout_rooms
D:3:      layout_loops_cross, minmay_overflow_temple_star_hex, uniq_terence,
          uniq_ijyb
D:4:      layout_cave_pools, kiku_gazebo_pond_becter, portal_sewer_entry_d,
          nicolae_ossuary_entry_giza, minmay_fractal_squares_gapless_5

Skill      XL: |  1  2  3  4  5  6 |
---------------+-------------------+-----
Fighting       | 2 3 |  3.0
Unarmed Combat | 4 5 |  5.2
Dodging        | 3 |  3.5
Spellcasting   | |  2.0
Transmutations | |  2.0

Action                   |  1- 3 |  4- 6 || total
-------------------------+-------+-------++-------
Melee: Unarmed           |    81 |    69 ||   150
       Constrict         |    21 |    25 ||    46
       Tentacles         |     9 |    15 ||    24
       Punch             |     2 |     4 ||     6
       Kick              |     5 |    10 ||    15
Throw: Stone             |    67 |    46 ||   113
 Cast: Beastly Appendage |     7 |     7 ||    14
       Wereblood         |     1 |     2 ||     3
Invok: Lunge             |       |     5 ||     5
       Whirlwind         |       |     1 ||     1
Evoke: Wand              |       |     4 ||     4
  Use: Scroll            |       |     7 ||     7
 Stab: Sleeping          |     1 |     4 ||     5
Armor: Skin              |    15 |     3 ||    18
Dodge: Dodged            |    67 |    38 ||   105

Table legend: (Time is in decaauts)
 A = Elapsed time spent in this place.
 B = Non-inter-level travel time spent in this place.
 C = Inter-level travel time spent in this place.
 D = Time resting spent in this place.
 E = Time spent auto-exploring this place.
 F = Levels seen in this place.
 G = Mean time per level.
                   A        B        C        D        E       F      G
               +--------+--------+--------+--------+--------+-----+--------+
         Total |   3240 |   2956 |    284 |    173 |   2212 |   4 |  810.0 |
       Dungeon |   3240 |   2956 |    284 |    173 |   2212 |   4 |  810.0 |
               +--------+--------+--------+--------+--------+-----+--------+

Top non-repeatable levels by time:
     D:1: 1379 daAuts
     D:3: 969 daAuts
     D:2: 858 daAuts
     D:4: 32 daAuts
